 Dungeon Crawl Stone Soup version 0.24.0-2-g5b39cebb1c (webtiles) character file.

Game seed: 17526977214310567188, levelgen mode: deterministic

1719 Mrkan the Cleaver (level 9, -1/79 HPs)
             Began as a Hill Orc Fighter on Oct 29, 2019.
             Slain by an orc
             ... wielding a +0 trident
              (6 damage)
             ... on level 6 of the Dungeon.
             The game lasted 00:08:19 (6700 turns).

Mrkan the Cleaver (Hill Orc Fighter)                Turns: 6700, Time: 00:08:20

Health: -1/79      AC: 12    Str: 22    XL:     9   Next: 4%
Magic:  9/9        EV:  4    Int:  8    God:
Gold:   154        SH: 10    Dex: 10    Spells: 8/8 levels left

rFire    . . .     SeeInvis .   a - +1 war axe
rCold    . . .     Gourm    .   c - +0 shield
rNeg     . . .     Faith    .   j - +0 plate armour
rPois    .         Spirit   .   (no helmet)
rElec    .         Reflect  .   (no cloak)
rCorr    .         Harm     .   (no gloves)
MR       .....                  (no boots)
Stlth    ..........             (no amulet)
HPRegen  0.23/turn              (no ring)
MPRegen  0.11/turn              (no ring)

@: drained
A: no striking features
a: no special abilities


You were on level 6 of the Dungeon.
You were not hungry.

You visited 1 branch of the dungeon, and saw 6 of its levels.

You collected 154 gold pieces.

Inventory:

Hand Weapons
 a - a +1 war axe (weapon)
Missiles
 t - 11 poisoned darts (quivered)
Armour
 c - a +0 shield (worn)
 i - a +0 cloak
 j - a +0 plate armour (worn)
Jewellery
 g - an uncursed ring of protection from magic {unknown}
 h - an uncursed amulet of harm
 q - an uncursed ring of protection from cold {unknown}
 y - an uncursed amulet of regeneration {unknown}
Wands
 o - a wand of disintegration (19)
Scrolls
 b - a scroll of remove curse
 d - a scroll of amnesia {unknown}
 e - 2 scrolls of teleportation
 l - 3 scrolls of identify
 m - a scroll of fear {unknown}
 n - 2 scrolls of enchant weapon
Potions
 k - 2 potions of flight
 p - a potion of invisibility {unknown}
 r - a potion of mutation {unknown}
 s - a potion of heal wounds {unknown}
 u - a potion of magic {unknown}
 v - a potion of curing
 w - a potion of resistance {unknown}
 z - a potion of haste {unknown}
Comestibles
 f - 10 rations
 x - 5 chunks of flesh


   Skills:
 + Level 7.0(6.1) Fighting
 * Level 9.7(8.7) Axes
 + Level 6.3(5.5) Armour
 + Level 6.4(5.5) Shields


You had 8 spell levels left.
You didn't know any spells.
Your spell library contained the following spells:

 Spells                   Type           Power        Failure   Level  Hunger
 Animate Skeleton         Necr           N/A          100%        1    ##.....
 Apportation              Tloc           #.....       100%        1    ##.....
 Confusing Touch          Hex            #.....       100%        1    ##.....
 Summon Small Mammal      Summ           #...         100%        1    ##.....


Dungeon Overview and Level Annotations

Branches:
Dungeon (6/15)
 Temple: D:4-7

Altars:
Elyvilon
Fedhas
Nemelex Xobeh
Sif Muna
Uskayaw
Wu Jian
The Shining One

Annotations:
D:3 Blork the orc


Message History

Your shield and plate armour prevent you from hitting the orc warrior.
The orc warrior is severely wounded.
The orc wizard casts a spell.
The orc wizard blinks!
You block the orc warrior's attack.
The orc hits you from afar with a +0 trident.
* * * LOW HITPOINT WARNING * * *
You hit the orc warrior.
The orc warrior is almost dead.
You block the orc's attack.
The orc warrior hits you with a +0 mace!
* * * LOW HITPOINT WARNING * * *
You slash the orc warrior!
You kill the orc warrior!
Your base Fighting skill increases to level 7!
You have reached level 9!
Your experience leads to an increase in your attributes!
Increase (S)trength, (I)ntelligence, or (D)exterity?
You feel stronger.
The orc hits you from afar with a +0 trident.
You die...

##........................#######
#................................
.......oo#...#####........#######
....####o#.#.# #........#######
... #......#.# #..............#
## #.##.###.### #..#####.......#
#..#.o.o.§.# #..# #.......#
#........#o###..# ###.......#
#..#######.o@...# #...÷.....#
..... #####.## #....÷....# #...
#.# #.........# #### #.#
#.........# #.# #.......<.# #.#
#.......... #.# ###.#...... .#
#.#...... #.#......


You could see 2 orcs.

Vanquished Creatures
  Sigmund (D:4)
  Menkaure (D:4)
  An ogre (D:5)
  2 orc warriors
  A bullfrog (D:5)
  A scorpion (D:5)
  A howler monkey (D:4)
  8 wights
  A quasit (D:5)
  3 hounds
  3 orc priests
  Crazy Yiuf (D:4)
  An iguana (D:4)
  3 orc wizards
  4 worker ants
  4 gnolls (D:4)
  7 adders
  2 shadow imps (D:5)
  An adder skeleton (D:5)
  5 worms
  2 dart slugs
  12 leopard geckos
  18 orcs
  3 ball pythons
  4 giant cockroaches
  5 goblins
  3 hobgoblins
  8 jackals
  A quokka (D:3)
  3 bats (D:2)
  5 frilled lizards
  5 kobolds
  A leopard gecko zombie (D:5)
  4 rats
125 creatures vanquished.

Notes
Turn   | Place    | Note
-------+----------+-------------------------------------------
     0 | D:1      | Mrkan the Hill Orc Fighter began the quest for the Orb.
     0 | D:1      | Reached XP level 1. HP: 19/19 MP: 1/1
   272 | D:1      | Reached skill level 3 in Axes
   351 | D:1      | Reached XP level 2. HP: 27/27 MP: 2/2
   619 | D:2      | Found a sparkling altar of Nemelex Xobeh.
  1013 | D:2      | Reached XP level 3. HP: 33/33 MP: 3/3
  1537 | D:3      | Reached skill level 4 in Axes
  1537 | D:3      | Reached XP level 4. HP: 33/40 MP: 4/4
  1841 | D:3      | Found a blossoming altar of Fedhas.
  1842 | D:3      | Found a hide-covered altar of Uskayaw.
  1962 | D:3      | Noticed Blork the orc
  2149 | D:3      | Found a shimmering blue altar of Sif Muna.
  2168 | D:3      | HP: 2/40 [poisoned by Blork the orc]
  2580 | D:3      | Found a glowing golden altar of the Shining One.
  2827 | D:4      | Found a runed translucent door.
  2828 | D:4      | Noticed Crazy Yiuf
  2892 | D:4      | Reached XP level 5. HP: 32/47 MP: 5/5
  2902 | D:4      | Reached skill level 5 in Axes
  3246 | D:4      | Noticed Sigmund
  3287 | D:4      | Killed Sigmund
  3287 | D:4      | Reached skill level 5 in Fighting
  3287 | D:4      | Reached skill level 6 in Axes
  3287 | D:4      | Reached XP level 6. HP: 6/56 MP: 6/6
  3894 | D:4      | Reached XP level 7. HP: 58/61 MP: 7/7
  3968 | D:4      | Noticed Menkaure
  3989 | D:4      | Killed Menkaure
  3989 | D:4      | Reached skill level 5 in Armour
  3989 | D:4      | Reached skill level 5 in Shields
  4290 | D:4      | Reached skill level 7 in Axes
  4717 | D:4      | Killed Crazy Yiuf
  5241 | D:5      | Entered Level 5 of the Dungeon
  5252 | D:5      | Found a white marble altar of Elyvilon.
  5347 | D:5      | Reached XP level 8. HP: 45/70 MP: 8/8
  5411 | D:5      | Found an ornate altar of the Wu Jian Council.
  5502 | D:5      | Reached skill level 8 in Axes
  6402 | D:5      | Reached skill level 9 in Axes
  6700 | D:6      | Reached XP level 9. HP: 5/79 MP: 9/9
  6700 | D:6      | Slain by an orc

Levels and vault maps discovered:
D:1:      dpeg_arrival_radiant, layout_loops_ring
D:2:      layout_basic, nemelex_xobeh_ov_fountains_minmay
D:3:      layout_loops_corners, tgw_sif, marbit_many_paths,
          gammafunk_temple_overflow_pools, first_ration
D:4:      layout_loops_corners, minmay_misc_feat_enclosed, minmay_lizard_king,
          uniq_sigmund, uniq_menkaure, uniq_crazy_yiuf_cottage
D:5:      layout_loops_ring, kennysheep_little_box, elyvilon_altar_4,
          uniq_blork_the_orc
D:6:      layout_basic, lemuel_temple_firewalk_b,
          minmay_fractal_squares_gapless_5

Skill      XL: |  1  2  3  4  5  6  7  8 |
---------------+-------------------------+-----
Axes           | 3 4 6 7 9 |  9.7
Fighting       | 4 5 7 |  7.0
Armour         | 4 5 6 |  6.3
Shields        | 4 5 6 |  6.4

Action                   |  1- 3 |  4- 6 |  7- 9 || total
-------------------------+-------+-------+-------++-------
Melee: War axe           |    82 |   177 |   257 ||   516
       Unarmed           |       |       |     5 ||     5
  Use: Potion            |       |     4 |     1 ||     5
       Scroll            |       |     5 |       ||     5
  Eat: Chunk             |     2 |     4 |     7 ||    13
       Ration            |       |     1 |     1 ||     2
Armor: Scale mail        |     9 |       |       ||     9
       Plate armour      |    67 |   112 |   130 ||   309
       Skin              |       |       |     1 ||     1
Dodge: Dodged            |    17 |    18 |    37 ||    72
Block: Shield            |    43 |    95 |   105 ||   243
